 Dungeon Crawl Stone Soup version 0.28-a0-726-g4a9143789a (webtiles) character file.

Game seed: 8803014121271177600

31 flotson the Sneak (level 3, -2/29 HPs)
             Began as a Demonspawn Delver on Oct 27, 2021.
             Succumbed to a kobold's poison
             ... on level 1 of the Dungeon.
             The game lasted 00:02:10 (952 turns).

flotson the Sneak (Demonspawn Delver)                Turns: 952, Time: 00:02:11

Health: -2/29      AC:  3    Str: 13    XL:     3   Next: 7%
Magic:  3/3        EV: 12    Int: 11    God:
Gold:   17         SH:  0    Dex: 14    Spells: 2/2 levels left

rFire   . . .      SeeInvis .   b - +0 spear
rCold   . . .      Faith    .   (no shield)
rNeg    . . .      Spirit   .   j - +0 leather armour
rPois   .          Reflect  .   (no helmet)
rElec   .          Harm     .   (no cloak)
rCorr   .          Rampage  .   (no gloves)
Will    .....                   (no boots)
Stlth   ++........              (no amulet)
HPRegen 0.09/turn               (no ring)
MPRegen 0.08/turn               (no ring)

@: lethally poisoned (-2 -> -20), hasted, very quick
A: powered by death 1
a: no special abilities


You were on level 1 of the Dungeon.
You visited 2 branches of the dungeon, and saw 6 of its levels.

You collected 17 gold pieces.

Inventory:

Hand Weapons
 a - a +0 hand axe
 b - a +0 spear (weapon)
Missiles
 h - 15 poisoned darts (quivered)
 k - 4 boomerangs
Armour
 j - a +0 leather armour (worn)
Wands
 g - a wand of digging (3)
Scrolls
 c - a scroll of fog
 d - a scroll of magic mapping
 e - a scroll of fear
 i - a scroll of identify {unknown}
 l - a scroll of noise {unknown}


   Skills:
 + Level 3.2 Fighting
 + Level 2.1 Axes
 + Level 0.9 Throwing
 + Level 0.9 Armour
 + Level 2.1 Dodging
 - Level 4.5 Stealth


You had 2 spell levels left.
You didn't know any spells.
Your spell library was empty.

Dungeon Overview and Level Annotations

Branches:
Dungeon (5/15)             Temple (1/1) D:4

Altars:
Ashenzari
Cheibriados
Dithmenos
Elyvilon
Fedhas
Gozag
Hepliaklqana
Trog
Uskayaw
Wu Jian
Yredelemnul
The Shining One

Shops:
D:3 [


Innate Abilities, Weirdness & Mutations

You regenerate a little health from kills.


Message History

l - a scroll labelled DUAXTI GEUHA You see here a +0 dagger.
Found a dagger.
A kobold comes into view.
It is wielding a +2 short sword of venom.
You reach to attack!
You barely miss the kobold. You completely miss the kobold.
The kobold hits you with a +2 short sword of venom.
You are poisoned.
You closely miss the kobold.
You feel sick.
The kobold hits you with a +2 short sword of venom.
You are more poisoned.
The kobold misses you.
You hit the kobold but do no damage.
You feel very sick. The kobold barely misses you.
You closely miss the kobold.
You feel very sick. The kobold closely misses you.
You barely miss the kobold.
You feel sick. The kobold barely misses you.
You closely miss the kobold.
You feel sick.
The kobold hits you with a +2 short sword of venom.
You are lethally poisoned!
You are too injured to fight recklessly!
You are too injured to fight recklessly!
You are too injured to fight recklessly!
You are too injured to fight recklessly!
You hit the kobold.
The kobold is moderately wounded.
* * * LOW HITPOINT WARNING * * *
You feel very sick.
The kobold hits you with a +2 short sword of venom.
* * * LOW HITPOINT WARNING * * *
You are more poisoned.
You feel yourself speed up.
* * * LOW HITPOINT WARNING * * *
You feel very sick. The kobold completely misses you.
You barely miss the kobold.
The kobold is moderately wounded.
You die...

### ### ..### ##....
....# #.....≈ #...##
..≈≈...
#...##P....≈.
#K...≈....P)
#.@.≈...P.P≈
##..?P......
......#.##.....≈.P..
#.......###..≈.P≈..P
........# #..##P....
#......# ##.# ≈##≈
#......# ##.# ≈.
#......###..# ##
#......##..##


You could see a kobold.

Vanquished Creatures
  An adder (D:2)
  An adder skeleton (D:4)
  A bat (D:2)
  2 endoplasms
  4 goblins (D:1)
  4 jackals (D:1)
  2 ball pythons
  A kobold (D:1)
  A rat (D:1)
17 creatures vanquished.

Notes
Turn   | Place    | Note
-------+----------+-------------------------------------------
     0 | D:5      | flotson the Demonspawn Delver began the quest for the Orb.
     0 | D:5      | Reached XP level 1. HP: 18/18 MP: 1/1
    84 | D:4      | Found a staircase to the Ecumenical Temple.
    89 | Temple   | Entered the Ecumenical Temple
   276 | D:3      | Found Corriafa's Armour Emporium.
   324 | D:2      | Gained mutation: You regenerate a little health from kills.
                  | [demonic ancestry]
   324 | D:2      | Reached XP level 2. HP: 18/24 MP: 2/2
   554 | D:1      | Reached XP level 3. HP: 6/29 MP: 3/3
   951 | D:1      | HP: 1/29 [poisoned by a kobold]
   952 | D:1      | Succumbed to a kobold's poison

Illustrated notes

Levels and vault maps discovered:
D:1:      lemuel_arrival_muddy, layout_basic
D:2:      layout_loops_corners, serial_co_window_serial, co_window_paths_b,
          co_window_paths_b, co_window_of_opportunity_a, co_window_paths_b,
          co_window_of_opportunity_a, co_window_paths_b, co_window_paths_a,
          co_window_paths_c, co_window_2corner, co_window_of_opportunity_c,
          co_window_corner_b, glass_columns_b, glass_columns_b, glass_columns_a,
          glass_columns_b, basic_altar, uniq_terence
D:3:      layout_loops_cross, serial_shops, nicolae_square_shop,
          nicolae_shop_statue_plus, nicolae_shop_crystal, nicolae_shop_stone,
          shop, dreamdust_ecumenical_altar_hidden_monk_grotto
D:4:      layout_loops_ring, temple_doors_e, serial_shops,
          nicolae_shop_behind_doors, minivault_14, minmay_goblin_kobold_house
D:5:      layout_loops_ring, ebering_ghost_reflecting_pool, portal_sewer_entry_a
Temple:   nicolae_temple_the_god_donut

Skill      XL: |  1 |
---------------+----+-----
Axes           | 2 |  2.1
Dodging        | 2 |  2.1
Fighting       | |  3.2
Throwing       | |  0.9
Armour         | |  0.9
Stealth        | |  4.5

Action                   || total
-------------------------++-------
Melee: Spear             ||    60
       Hand axe          ||    19
  Use: Potion            ||     1
 Stab: Sleeping          ||     3
Armor: Leather armour    ||    19
Dodge: Dodged            ||    79

Table legend: (Time is in decaauts)
 A = Elapsed time spent in this place.
 B = Non-inter-level travel time spent in this place.
 C = Inter-level travel time spent in this place.
 D = Time resting spent in this place.
 E = Time spent auto-exploring this place.
 F = Levels seen in this place.
 G = Mean time per level.
                   A        B        C        D        E       F      G
               +--------+--------+--------+--------+--------+-----+--------+
         Total |    955 |    914 |     41 |     49 |    651 |   6 |  159.2 |
       Dungeon |    911 |    891 |     20 |     49 |    641 |   5 |  182.2 |
        Temple |     43 |     22 |     21 |      0 |     10 |   1 |   43.0 |
               +--------+--------+--------+--------+--------+-----+--------+

Top non-repeatable levels by time:
     D:1: 509 daAuts
     D:4: 228 daAuts
     D:2: 133 daAuts
  Temple: 43 daAuts
     D:3: 34 daAuts
     D:5: 6 daAuts
